 Dungeon Crawl Stone Soup version 0.19-a0-994-g3c636f0 (webtiles) character file.

30 4thArraOfDagon the Caller (level 3, -2/24 HPs)
             Began as a Demonspawn Summoner on July 16, 2016.
             Impaled on a porcupine's spines (13 damage)
             ... on level 4 of the Dungeon.
             The game lasted 00:03:53 (803 turns).

4thArraOfDagon the Caller (Demonspawn Summoner)      Turns: 803, Time: 00:03:54

Health: -2/24      AC:  6    Str:  8    XL:     3   Next: 3%
Magic:  6/6        EV: 10    Int: 17    God:
Gold:   41         SH:  0    Dex: 13    Spells: 1 memorised, 5 levels left

rFire  . . .     SeeInvis .       - Unarmed
rCold  . . .     Gourm    .     l - +0 ring mail
rNeg   . . .     Faith    .     (no shield)
rPois  .         Spirit   .     (no helmet)
rElec  .         Dismiss  .     (no cloak)
rCorr  .         Reflect  .     (no gloves)
SustAt .         Harm     .     (no boots)
MR     +....                    (no amulet)
Stlth  ++........               (no ring)
                                k - ring of protection from magic

@: somewhat resistant to hostile enchantments, unstealthy
A: rugged brown scales 1, nightstalker 1
a: no special abilities


You were on level 4 of the Dungeon.
You were not hungry.

You visited 1 branch of the dungeon, and saw 4 of its levels.

You collected 41 gold pieces.

Inventory:

Hand Weapons
 f - a +0 spear
 o - a +2 short sword of venom
Missiles
 p - 4 javelins of penetration (quivered)
Armour
 a - a +0 robe
 l - a +0 ring mail (worn)
Jewellery
 k - a ring of protection from magic (left hand)
Wands
 m - a wand of random effects (4/48)
Scrolls
 d - a scroll of identify
 e - 4 scrolls of remove curse {unknown}
 h - a scroll of noise {unknown}
 i - a scroll of teleportation {unknown}
 j - a scroll of amnesia
Potions
 g - a potion of brilliance
 n - a potion of curing
Books
 b - a book of Callings

   Spells                             Type                      Level
   a - Summon Small Mammal            Summoning                    1
   b - Call Imp                       Summoning                    2
   c - Call Canine Familiar           Summoning                    3
   d - Summon Guardian Golem          Hexes/Summoning              3
   e - Summon Lightning Spire         Summoning/Air                4
   f - Summon Ice Beast               Ice/Summoning                4
 q - a Necronomicon

   Spells                             Type                      Level
   a - Haunt                          Necromancy/Summoning         7
   b - Borgnjor's Revivification      Necromancy                   8
   c - Death's Door                   Charms/Necromancy            8
   d - Infestation                    Necromancy                   8
   e - Necromutation                  Transmutation/Necromancy     8
Comestibles
 c - a bread ration


   Skills:
 - Level 1.7 Dodging
 - Level 1.7 Stealth
 + Level 2.4 Unarmed Combat
 - Level 2.0 Spellcasting
 - Level 4.0 Summonings


You had 5 spell levels left.
You knew the following spells:

 Your Spells              Type           Power        Failure   Level  Hunger
a - Summon Small Mammal   Summ           ###.         12%         1    #......


Dungeon Overview and Level Annotations

Branches:
Dungeon (4/15)
 Temple: D:4-7

Altars:

Annotations:
D:2 Ijyb
D:3 Charly's ghost, amateur HaWr


Innate Abilities, Weirdness & Mutations

You are partially covered in rugged brown scales. (AC +1, +3% HP)
You are slightly more attuned to the shadows.


Message History

The bolt of fire misses the porcupine.
This wand has 5 charges left.
Unknown command.
Evoke which item? (* to show all) (? for menu, Esc to quit)
Zapping:
m - a wand of random effects (5/48)
Press: ? - help, Shift-Dir - straight line, f/p - porcupine
Aim: a porcupine The porcupine suddenly stops moving!
This wand has 4 charges left.
Unknown command.
The helpless porcupine fails to defend itself.
You hit the porcupine.
The porcupine is lightly wounded.
The helpless porcupine fails to defend itself.
You hit the porcupine.
The porcupine is moderately wounded.
The helpless porcupine fails to defend itself.
You hit the porcupine.
The porcupine is heavily wounded.
You are struck by the porcupine's spines.
Ouch! That really hurt!
You die...

### #.# ###### #.#
#...(# ##.# ...)(# #..#
#....# ##..# #....###
#.@.# . #......###.
##.#r# .. ...........
#..#.# ...
#........#(..#.##.##....
##.......##.##...$......
#................##...
##..........#.##.#
###......####..##.#
.........###...##[####


You could see a porcupine (paralysed).

Vanquished Creatures
  3 giant geckos
  An orc (D:4)
  3 bats
  2 giant cockroaches
  2 hobgoblins
  5 jackals (D:1)
  A ball python (D:3)
  3 giant newts
  4 kobolds
24 creatures vanquished.

Notes
Turn   | Place    | Note
-------+----------+-------------------------------------------
     0 | D:1      | 4thArraOfDagon the Demonspawn Summoner began the quest for the Orb.
     0 | D:1      | Reached XP level 1. HP: 13/13 MP: 3/3
   134 | D:1      | Reached skill level 1 in Unarmed Combat
   182 | D:1      | Gained mutation: You are partially covered in rugged brown scales. (AC +1, +3% HP) [demonic ancestry]
   182 | D:1      | Reached XP level 2. HP: 11/19 MP: 5/5
   225 | D:2      | Noticed Ijyb
   528 | D:3      | Noticed Charly's ghost (amateur HaWr)
   756 | D:4      | Gained mutation: You are slightly more attuned to the shadows. [demonic ancestry]
   756 | D:4      | Reached XP level 3. HP: 12/24 MP: 6/6
   796 | D:4      | Noticed a porcupine
   796 | D:4      | a howler monkey changed into a porcupine
   803 | D:4      | Impaled on a porcupine's spines

Vault maps used:
D:1:      dpeg_arrival_water_temple_mockup
D:2:      lemuel_zombie_altar_kikubaaqudgha, first_bread, uniq_terence,
          uniq_iyjb
D:3:      tgw_trog, uniq_sigmund
D:4:      kennysheep_little_box, kennysheep_small_spiral

Skill      XL: |  1  2 |
---------------+-------+-----
Unarmed Combat | 1 2 |  2.4
Dodging        | |  1.7
Stealth        | |  1.7
Spellcasting   | |  2.0
Summonings     | |  4.0

Action                   || total
-------------------------++-------
Melee: Spear             ||    51
       Unarmed           ||   132
Evoke: Wand              ||     5
  Use: Potion            ||     3
       Scroll            ||     3
 Stab: Sleeping          ||     1
       Paralysed         ||     4
Armor: Robe              ||    23
       Ring mail         ||    42
       Skin              ||     6
Dodge: Dodged            ||   149
